 Dungeon Crawl Stone Soup version 0.26-a0-597-gb535b0901c (webtiles) character file.

Game seed: 407102002339234355

85 Lanoc the Ducker (level 4, 0/33 HPs)
             Began as a Halfling Monk on Sept 2, 2020.
             Slain by Grinder (8 damage)
             ... on level 4 of the Dungeon.
             The game lasted 00:03:15 (2571 turns).

Lanoc the Ducker (Halfling Monk)                    Turns: 2571, Time: 00:03:15

Health: 0/33       AC:  3    Str: 10 (12) XL:     4   Next: 75%
Magic:  4/4        EV: 17    Int:  7 (8)  God:
Gold:   23         SH:  0    Dex: 16 (17) Spells: 3/3 levels left

rFire    . . .     SeeInvis .   a - +0 hunting sling
rCold    . . .     Faith    .   (shield restricted)
rNeg     . . .     Spirit   .   g - +0 robe
rPois    .         Reflect  .   (no helmet)
rElec    .         Harm     .   (no cloak)
rCorr    .                      e - +0 pair of gloves
MR       .....                  (no boots)
Stlth    ++........             (no amulet)
HPRegen  0.11/turn              l - ring of wizardry
MPRegen  0.09/turn              (no ring)

@: no status effects
A: small, mutation resistance 1
a: no special abilities


You were on level 4 of the Dungeon.
You visited 1 branch of the dungeon, and saw 4 of its levels.

You collected 23 gold pieces.

Inventory:

Hand Weapons
 a - a +0 hunting sling (weapon)
 b - a +0 short sword of draining
Missiles
 c - 9 sling bullets (quivered)
 f - 35 stones
Armour
 e - a +0 pair of gloves (worn)
 g - a +0 robe (worn)
Jewellery
 l - a ring of wizardry (left hand)
Wands
 h - a wand of paralysis (12)
Scrolls
 d - a scroll of enchant weapon {unknown}
 j - a scroll of identify
Potions
 m - a potion of flight {unknown}


   Skills:
 + Level 3.8 Fighting
 - Level 3.6 Short Blades
 * Level 0.0 Slings
 + Level 4.6 Dodging
 - Level 2.1 Stealth


You had 3 spell levels left.
You didn't know any spells.
Your spell library was empty.

Dungeon Overview and Level Annotations

Branches:
Dungeon (4/15)
 Temple: D:4-7

Altars:
Sif Muna
Yredelemnul

Annotations:
D:4 Grinder


Innate Abilities, Weirdness & Mutations

You are small and have problems with some larger weapons.
You are somewhat resistant to further mutation.


Message History

Grinder barely misses you.
You shoot a sling bullet. The sling bullet hits Grinder.
Grinder is moderately wounded.
Grinder closely misses you.
You shoot a sling bullet.
The sling bullet hits Grinder but does no damage.
Grinder is moderately wounded.
Grinder hits you!
You writhe in agony.
* * * LOW HITPOINT WARNING * * *
You are too injured to fight recklessly!
It was a potion of curing.
You feel better. Grinder barely misses you.
It was a potion of degeneration.
There was something very wrong with that liquid.
You feel weakened.
You feel dopey.
You feel clumsy. Grinder hits you!
* * * LOW HITPOINT WARNING * * *
You writhe in agony.
* * * LOW HITPOINT WARNING * * *
You feel better. Grinder hits you!
You die...

#.........####..
+.........+...)<
#.........####))
##.......## ##.
##.....## ##
##...## # #
##'## #
#.#######.# #
#..@......# #
#....5#####.# #
#.#..(# ...# # #
#).(# ..... #
#.... #...### #
##..# ##.##
....... #..# #.#
##.#### ..(. ..


You could see Grinder.

Vanquished Creatures
  Robin (D:3)
  An adder (D:2)
  An ooze (D:3)
  2 dart slugs (D:1)
  2 leopard geckos
  A giant cockroach (D:2)
  19 goblins
  10 hobgoblins
  A ball python (D:1)
  3 frilled lizards
  5 kobolds
  3 rats
  A spectral orc (D:3)
50 creatures vanquished.

Notes
Turn   | Place    | Note
-------+----------+-------------------------------------------
     0 | D:1      | Lanoc the Halfling Monk began the quest for the Orb.
     0 | D:1      | Reached XP level 1. HP: 15/15 MP: 1/1
   153 | D:1      | Reached XP level 2. HP: 11/20 MP: 2/2
   691 | D:1      | Reached XP level 3. HP: 26/26 MP: 3/3
   757 | D:1      | Reached skill level 4 in Dodging
  1502 | D:3      | Reached XP level 4. HP: 19/31 MP: 4/4
  1665 | D:3      | Found a shimmering blue altar of Sif Muna.
  1943 | D:3      | Found a basalt altar of Yredelemnul.
  1972 | D:3      | Noticed Robin
  2292 | D:3      | Killed Robin
  2560 | D:4      | Noticed Grinder
  2570 | D:4      | HP: 1/33 [Grinder (5)]
  2571 | D:4      | Slain by Grinder

Illustrated notes

Levels and vault maps discovered:
D:1:      scummos_arrival_forest, layout_rooms, kennysheep_flooded_box,
          chequers_serial_rivers_small_3
D:2:      layout_basic
D:3:      layout_basic, yredelemnul_forgotten_temple_becter, kennysheep_path_1,
          lemuel_blue_sif_altar, uniq_robin
D:4:      layout_loops_corners, nicolae_overflow_quartered_altars, uniq_grinder

Skill      XL: |  1  2  3 |
---------------+----------+-----
Fighting       | 3 |  3.8
Dodging        | 4 |  4.6
Short Blades   | |  3.6
Stealth        | |  2.1

Action                   |  1- 3 |  4- 6 || total
-------------------------+-------+-------++-------
Melee: Short sword       |   116 |    44 ||   160
 Fire: Hunting sling     |       |    12 ||    12
  Use: Potion            |     1 |     3 ||     4
       Scroll            |       |     2 ||     2
 Stab: Sleeping          |     1 |       ||     1
Armor: Robe              |     8 |     8 ||    16
Dodge: Dodged            |    88 |    50 ||   138

Table legend: (Time is in decaauts)
 A = Elapsed time spent in this place.
 B = Non-inter-level travel time spent in this place.
 C = Inter-level travel time spent in this place.
 D = Time resting spent in this place.
 E = Time spent auto-exploring this place.
 F = Levels seen in this place.
 G = Mean time per level.
                   A        B        C        D        E       F      G
               +--------+--------+--------+--------+--------+-----+--------+
         Total |   2564 |   2548 |     16 |    655 |   1489 |   4 |  641.0 |
       Dungeon |   2564 |   2548 |     16 |    655 |   1489 |   4 |  641.0 |
               +--------+--------+--------+--------+--------+-----+--------+

Top non-repeatable levels by time:
     D:1: 926 daAuts
     D:3: 804 daAuts
     D:2: 464 daAuts
     D:4: 369 daAuts
